Influenza vs Mulligans
Created - January 20, 2019 at 20:07
Goals
|
| Influenza |
1 |
2 |
1 |
4 |
| Mulligans |
1 |
1 |
0 |
2 |
|
Shots
|
| Influenza |
5 |
13 |
9 |
27 |
| Mulligans |
10 |
16 |
4 |
30 |
|
1st period
1. Mulligans , Eric Tangradi 25 (Nick Bonino 39) at 5:54 (PP)
2. Influenza , Jimmy Vesey 19 (Charlie Coyle 26, Jake Guentzel 13) at 14:46
Penalties :
Jake Guentzel (VJB) for Interference (Minor) at 1:42, Johan Larsson (VJB) for Hooking (Minor) at 5:47, Calvin de Haan (VJB) for Cross-checking (Minor) at 6:14
2nd period
3. Influenza , Jimmy Vesey 20 (Charlie Coyle 27) at 2:42
4. Influenza , Mark Olver 9 (Alex Killorn 11, Charlie Coyle 28) at 5:38
5. Mulligans , Matt Beleskey 15 (Christoph Bertschy 7, Cody Goloubef 22) at 16:27
Penalties :
Nick Bonino (Rep) for Holding (Minor) at 7:26, Johan Larsson (VJB) for Slashing (Minor) at 11:28, Calvin de Haan (VJB) for Hooking (Minor) at 17:20
3rd period
6. Influenza , Mark Olver 10 (Alex Killorn 12) at 12:39
Penalties :
Beau Bennett (VJB) for Hooking (Minor) at 6:05
Goalie Stats
Jeremy Duchesne (VJB), 28 saves from 30 shots - (0.933), W, 23-6-1, 60:00 minutes
Calvin Pickard (Rep), 23 saves from 27 shots - (0.852), L, 11-9-2, 60:00 minutes
Players Stats for Influenza
Player Name G A P +/- PIM S H SB GA TA FO MP PP MP PK MP
------------------------------------------------------------------------------------
Alex Killorn 0 2 2 1 0 1 5 0 0 1 0/0 16:41 1:01 5:23
Anthony Mantha 0 0 0 1 0 0 1 1 0 0 0/0 10:51 0:00 0:00
Beau Bennett 0 0 0 2 2 4 1 0 1 1 2/2 19:49 1:01 2:40
Calvin de Haan 0 0 0 1 4 5 0 3 1 0 0/0 25:12 1:19 2:50
Charlie Coyle 0 3 3 2 0 1 3 0 1 2 13/28 21:36 1:01 5:23
Dmitry Sinitsyn 0 0 0 3 0 1 0 0 0 0 0/0 11:26 0:00 0:21
Iiro Pakarinen 0 0 0 0 0 2 2 0 0 2 0/0 13:35 0:00 0:00
Jake Guentzel 0 1 1 0 2 1 2 1 0 0 4/11 14:25 0:58 0:00
Jimmy Vesey 2 0 2 2 0 2 4 1 0 0 1/3 16:32 0:58 0:35
Joe Morrow 0 0 0 -1 0 1 2 0 0 0 0/0 19:42 0:40 2:44
Johan Larsson 0 0 0 0 4 0 2 0 0 0 0/0 10:10 0:00 1:24
Jordan Schroeder 0 0 0 0 0 4 1 0 0 0 0/0 9:27 0:00 1:10
Justin Bailey 0 0 0 0 0 0 0 0 1 0 0/0 8:39 0:58 0:00
Mark Olver 2 0 2 1 0 3 3 2 0 0 2/9 14:15 0:00 3:29
Mathieu Carle 0 0 0 1 0 0 2 0 0 3 0/0 27:49 1:19 5:13
Max Domi 0 0 0 0 0 0 1 0 0 0 0/0 13:29 0:00 0:00
Nikita Zadorov 0 0 0 3 0 1 0 1 0 0 0/0 15:32 0:00 4:28
Paul Ladue 0 0 0 -1 0 1 1 0 0 1 0/0 20:42 0:40 4:28
Players Stats for Mulligans
Player Name G A P +/- PIM S H SB GA TA FO MP PP MP PK MP
------------------------------------------------------------------------------------
Ben Hutton 0 0 0 1 0 0 1 1 0 0 0/0 12:46 0:18 0:00
Cade Fairchild 0 0 0 -3 0 1 3 1 0 2 0/0 19:43 4:33 0:57
Christoph Bertschy 0 1 1 0 0 2 0 0 0 0 2/4 13:44 0:05 0:52
Cody Goloubef 0 1 1 -1 0 1 1 2 0 1 0/0 24:50 5:11 1:02
Dalton Thrower 0 0 0 0 0 0 0 0 0 0 0/0 3:19 0:18 0:00
Darren Dietz 0 0 0 1 0 1 1 1 0 0 0/0 12:08 0:00 0:00
Drayson Bowman 0 0 0 -2 0 1 0 0 0 0 0/0 9:15 0:06 0:00
Eric Tangradi 1 0 1 -1 0 7 0 2 0 0 1/2 22:41 5:12 0:50
Jonathan Tremblay 0 0 0 -1 0 1 3 0 0 0 3/3 22:47 5:08 1:00
Jonny Brodzinski 0 0 0 0 0 0 0 0 0 0 0/0 0:00 0:00 0:00
Joonas Donskoi 0 0 0 -2 0 4 0 0 0 0 0/0 9:29 0:10 0:00
Logan Shaw 0 0 0 -1 0 2 2 0 0 0 0/0 15:58 4:44 0:00
Matt Beleskey 1 0 1 1 0 4 1 0 0 0 0/0 10:50 0:00 0:00
Matt Donovan 0 0 0 -1 0 3 0 2 4 0 0/0 27:31 5:11 1:02
Maxime Macenauer 0 0 0 -2 0 2 2 0 3 1 9/13 22:53 4:44 0:25
Michael Sdao 0 0 0 -3 0 0 0 0 0 0 0/0 19:43 4:33 0:57
Nick Bonino 0 1 1 -1 2 1 1 0 3 0 13/27 22:44 5:13 0:00
Sven Baertschi 0 0 0 -1 0 0 3 0 0 0 2/2 16:49 4:44 0:51
Valeri Nichushkin 0 0 0 1 0 0 0 0 0 0 1/2 10:50 0:00 0:00
3 Stars
1 - Jimmy Vesey (VJB)
2 - Mark Olver (VJB)
3 - Charlie Coyle (VJB)
Power Play
Influenza - 0 on 1 Attempt(s) - 0.00%
Mulligans - 1 on 6 Attempt(s) - 16.67%
Penalty Kill
Influenza - 5 on 6 Attempt(s) - 83.33%
- Score 0 goal in Penalty Kill
Mulligans - 1 on 1 Attempt(s) - 100.00%
- Score 0 goal in Penalty Kill
Team Stat
Influenza - Hits : 30 - Faceoff Wins : 22 - Blocked Shots : 9 - Penalty Minutes : 12
Mulligans - Hits : 18 - Faceoff Wins : 31 - Blocked Shots : 9 - Penalty Minutes : 2
Official
Referees : Unknown
Linesman : Unknown
Game Notes
No Game Note
Finance
Level 1 -- Attendance: 1374 (68.70%) -- Ticket Income $34,350
Level 2 -- Attendance: 695 (69.50%) -- Ticket Income $8,340
Total Attendance: 2069 (68.97%)
Total Ticket Income: $42,690
Other Income: $2,134
Total Income: $44,824
Influenza
5 vs 5 Forward
Center Left Wing Right Wing Time % Phy DF OF
1 Charlie Coyle Jimmy Vesey Beau Bennett 40 1 2 2
2 Jake Guentzel Max Domi Iiro Pakarinen 30 1 2 2
3 Mark Olver Alex Killorn Anthony Mantha 20 1 2 2
4 Jordan Schroeder Johan Larsson Justin Bailey 10 1 2 2
5 vs 5 Defense
Defense Defense Time % Phy DF OF
1 Calvin de Haan Mathieu Carle 40 1 2 2
2 Joe Morrow Paul Ladue 30 1 2 2
3 Dmitry Sinitsyn Nikita Zadorov 20 1 2 2
4 Calvin de Haan Mathieu Carle 10 1 2 2
PowerPlay Forward
Center Left Wing Right Wing Time % Phy DF OF
1 Charlie Coyle Alex Killorn Beau Bennett 60 1 2 2
2 Jake Guentzel Jimmy Vesey Justin Bailey 40 1 2 2
PowerPlay Defense
Defense Defense Time % Phy DF OF
1 Calvin de Haan Mathieu Carle 60 1 2 2
2 Joe Morrow Paul Ladue 40 1 2 2
Penalty Kill 4 Players Forward
Center Wing Time % Phy DF OF
1 Charlie Coyle Alex Killorn 60 1 2 2
2 Mark Olver Beau Bennett 40 1 2 2
Penalty Kill 4 Players Defense
Defense Defense Time % Phy DF OF
1 Calvin de Haan Mathieu Carle 60 1 2 2
2 Nikita Zadorov Paul Ladue 40 1 2 2
Penalty Kill - 3 Players Forward
Forward Time % Phy DF OF
1 Charlie Coyle 60 1 2 2
2 Mark Olver 40 1 2 2
Penalty Kill - 3 Players Defense
Defense Defense Time % Phy DF OF
1 Calvin de Haan Mathieu Carle 60 1 2 2
2 Nikita Zadorov Paul Ladue 40 1 2 2
4 vs 4 Forward
Center Wing Time % Phy DF OF
1 Charlie Coyle Alex Killorn 60 1 2 2
2 Mark Olver Beau Bennett 40 1 2 2
4 vs 4 Defense
Defense Defense Time % Phy DF OF
1 Calvin de Haan Mathieu Carle 60 1 2 2
2 Nikita Zadorov Paul Ladue 40 1 2 2
Last Minutes Offensive
Center Left Wing Right Wing Defense Defense
Charlie Coyle Alex Killorn Beau Bennett Calvin de Haan Mathieu Carle
Last Minutes Defensive
Center Left Wing Right Wing Defense Defense
Charlie Coyle Alex Killorn Beau Bennett Calvin de Haan Mathieu Carle
Goaltenders
Starting : Jeremy Duchesne
Backup : Tyson Sexsmith
Extra Forwards
Normal : Anthony Mantha, Jake Guentzel, Alex Killorn - PP : Justin Bailey, Beau Bennett - PK : Mark Olver
Extra Defensemen
Normal : Dmitry Sinitsyn, Paul Ladue, Mathieu Carle - PP : Dmitry Sinitsyn - PK : Calvin de Haan, Joe Morrow
Penalty Shots
Beau Bennett, Alex Killorn, Jake Guentzel, Jordan Schroeder, Mark Olver
Scratches
Jacob Josefson (Healthy), Shane Prince (Healthy), Jamie Devane (Healthy), Jeff Corbett (Healthy), Henri Ikonen (Healthy)
Fredric Larsson (Healthy), Tim Erixon (Healthy), Tom Kuhnhackl (Healthy), Rocco Grimaldi (Healthy), Josh Andrerson (Healthy)
Jesse Graham (Healthy), Nikita Gusev (Healthy), Jamie Phillips (Healthy)
Mulligans
5 vs 5 Forward
Center Left Wing Right Wing Time % Phy DF OF
1 Nick Bonino Eric Tangradi Jonathan Tremblay 40 0 2 3
2 Maxime Macenauer Sven Baertschi Logan Shaw 30 0 2 3
3 Maxime Macenauer Drayson Bowman Joonas Donskoi 20 0 2 3
4 Christoph Bertschy Matt Beleskey Valeri Nichushkin 10 0 2 3
5 vs 5 Defense
Defense Defense Time % Phy DF OF
1 Matt Donovan Cody Goloubef 40 1 2 2
2 Michael Sdao Cade Fairchild 30 1 2 2
3 Ben Hutton Darren Dietz 20 1 2 2
4 Dalton Thrower Matt Donovan 10 1 2 2
PowerPlay Forward
Center Left Wing Right Wing Time % Phy DF OF
1 Nick Bonino Eric Tangradi Jonathan Tremblay 60 1 2 2
2 Maxime Macenauer Sven Baertschi Logan Shaw 40 1 2 2
PowerPlay Defense
Defense Defense Time % Phy DF OF
1 Matt Donovan Cody Goloubef 60 1 2 2
2 Michael Sdao Cade Fairchild 40 1 2 2
Penalty Kill 4 Players Forward
Center Wing Time % Phy DF OF
1 Nick Bonino Jonathan Tremblay 60 1 2 2
2 Maxime Macenauer Drayson Bowman 40 1 2 2
Penalty Kill 4 Players Defense
Defense Defense Time % Phy DF OF
1 Matt Donovan Cody Goloubef 60 1 2 2
2 Michael Sdao Cade Fairchild 40 1 2 2
Penalty Kill - 3 Players Forward
Forward Time % Phy DF OF
1 Nick Bonino 60 1 2 2
2 Eric Tangradi 40 1 2 2
Penalty Kill - 3 Players Defense
Defense Defense Time % Phy DF OF
1 Matt Donovan Cody Goloubef 60 1 2 2
2 Michael Sdao Cade Fairchild 40 1 2 2
4 vs 4 Forward
Center Wing Time % Phy DF OF
1 Nick Bonino Eric Tangradi 60 1 2 2
2 Jonathan Tremblay Logan Shaw 40 1 2 2
4 vs 4 Defense
Defense Defense Time % Phy DF OF
1 Matt Donovan Cody Goloubef 60 1 2 2
2 Michael Sdao Cade Fairchild 40 1 2 2
Last Minutes Offensive
Center Left Wing Right Wing Defense Defense
Nick Bonino Eric Tangradi Jonathan Tremblay Matt Donovan Cody Goloubef
Last Minutes Defensive
Center Left Wing Right Wing Defense Defense
Nick Bonino Eric Tangradi Jonathan Tremblay Matt Donovan Cody Goloubef
Goaltenders
Starting : Calvin Pickard
Backup : Juuse Saros
Extra Forwards
Normal : Nick Bonino, Jonathan Tremblay, Eric Tangradi - PP : Jonathan Tremblay, Nick Bonino - PK : Eric Tangradi
Extra Defensemen
Normal : Ben Hutton, Darren Dietz, Dalton Thrower - PP : Ben Hutton - PK : Darren Dietz, Dalton Thrower
Penalty Shots
Maxime Macenauer, Eric Tangradi, Logan Shaw, Nick Bonino, Jonathan Tremblay
Scratches
Reid Boucher (Healthy), Nick Moutrey (Healthy), John Hayden (Healthy), Marek Langhamer (Healthy)
% Time on Ice - Influenza
Lines # - Real PCT - Wanted PCT - Time Play
Normal Forward
1 - 33% - 40% - 16:03
2 - 29% - 30% - 14:02
3 - 21% - 20% - 10:13
4 - 16% - 10% - 7:41
Normal Defense
1 - 40% - 40% - 19:18
2 - 32% - 30% - 15:19
3 - 24% - 20% - 11:20
4 - 4% - 10% - 2:02
PP Forward
1 - 51% - 60% - 1:01
2 - 49% - 40% - 0:58
PP Defense
1 - 66% - 60% - 1:19
2 - 34% - 40% - 0:40
PK Forward
1 - 66% - 60% - 6:36
2 - 34% - 40% - 3:26
PK Defense
1 - 58% - 60% - 5:48
2 - 42% - 40% - 4:14
PK3 Forward
1 - 0% - 60%
2 - 0% - 40%
PK3 Defense
1 - 0% - 60%
2 - 0% - 40%
44 Forward
1 - 0% - 60%
2 - 0% - 40%
44 Defense
1 - 0% - 60%
2 - 0% - 40%
Last Minute Offensive - 0:00
Last Minute Defensive - 0:00
Total
Forward - 60:00
Defense - 60:00
|
% Time on Ice - Mulligans
Lines # - Real PCT - Wanted PCT - Time Play
Normal Forward
1 - 37% - 40% - 17:33
2 - 23% - 30% - 10:57
3 - 18% - 20% - 8:39
4 - 23% - 10% - 10:50
Normal Defense
1 - 39% - 40% - 18:57
2 - 30% - 30% - 14:13
3 - 25% - 20% - 12:08
4 - 6% - 10% - 2:41
PP Forward
1 - 53% - 60% - 5:18
2 - 47% - 40% - 4:44
PP Defense
1 - 55% - 60% - 5:29
2 - 45% - 40% - 4:33
PK Forward
1 - 100% - 60% - 1:59
2 - 0% - 40% - 0:00
PK Defense
1 - 52% - 60% - 1:02
2 - 48% - 40% - 0:57
PK3 Forward
1 - 0% - 60%
2 - 0% - 40%
PK3 Defense
1 - 0% - 60%
2 - 0% - 40%
44 Forward
1 - 0% - 60%
2 - 0% - 40%
44 Defense
1 - 0% - 60%
2 - 0% - 40%
Last Minute Offensive - 0:00
Last Minute Defensive - 0:00
Total
Forward - 60:00
Defense - 60:00
|
Play-by-Play
1st period
0:01 of 1st period - Nick Bonino wins face-off versus Charlie Coyle in neutral zone.
0:04 of 1st period - Snap shot by Jonathan Tremblay.
0:04 of 1st period - Shot Misses the Net.
0:06 of 1st period - Slapshot by Cody Goloubef.
0:06 of 1st period - Shot Blocked by Calvin de Haan.
0:08 of 1st period - Snap shot by Eric Tangradi.
0:08 of 1st period - Stopped by Jeremy Duchesne with a rebound.
0:10 of 1st period - Wrist shot by Nick Bonino.
0:10 of 1st period - Stopped by Jeremy Duchesne with a rebound.
0:12 of 1st period - Wrist shot by Jonathan Tremblay.
0:12 of 1st period - Stopped by Jeremy Duchesne without a rebound.
0:13 of 1st period - Sven Baertschi wins face-off versus Jake Guentzel in Influenza zone.
0:38 of 1st period - Christoph Bertschy is hit by Alex Killorn and loses puck.
0:48 of 1st period - Slapshot by Darren Dietz.
0:48 of 1st period - Shot Misses the Net.
1:04 of 1st period - Charlie Coyle is hit by Darren Dietz and loses puck.
1:25 of 1st period - Snap shot by Justin Bailey.
1:25 of 1st period - Shot Blocked by Cody Goloubef.
1:27 of 1st period - Slapshot by Joe Morrow.
1:27 of 1st period - Shot Misses the Net.
1:42 of 1st period - Minor Penalty to Jake Guentzel for Interference.
1:43 of 1st period - Charlie Coyle wins face-off versus Nick Bonino in Influenza zone.
3:42 of 1st period - Penalty to Jake Guentzel is over, Jake Guentzel is back on ice.
3:59 of 1st period - Snap shot by Jordan Schroeder.
3:59 of 1st period - Stopped by Calvin Pickard with a rebound.
4:01 of 1st period - Snap shot by Dmitry Sinitsyn.
4:01 of 1st period - Stopped by Calvin Pickard with a rebound.
4:03 of 1st period - Snap shot by Nikita Zadorov.
4:03 of 1st period - Deflect By Jordan Schroeder.
4:03 of 1st period - Shot Misses the Net.
4:03 of 1st period - Puck is out of play.
4:04 of 1st period - Maxime Macenauer wins face-off versus Jake Guentzel in Mulligans zone.
4:04 of 1st period - Maxime Macenauer is hit by Iiro Pakarinen.
4:12 of 1st period - Snap shot by Joonas Donskoi.
4:12 of 1st period - Stopped by Jeremy Duchesne with a rebound.
4:30 of 1st period - Wrist shot by Matt Beleskey.
4:30 of 1st period - Stopped by Jeremy Duchesne with a rebound.
4:32 of 1st period - Wrist shot by Matt Donovan.
4:32 of 1st period - Stopped by Jeremy Duchesne without a rebound.
4:33 of 1st period - Jonathan Tremblay wins face-off versus Charlie Coyle in Influenza zone.
5:00 of 1st period - Maxime Macenauer is hit by Alex Killorn and loses puck.
5:09 of 1st period - Snap shot by Logan Shaw.
5:09 of 1st period - Stopped by Jeremy Duchesne with a rebound.
5:47 of 1st period - Minor Penalty to Johan Larsson for Hooking.
5:48 of 1st period - Nick Bonino wins face-off versus Charlie Coyle in Influenza zone.
5:54 of 1st period - Wrist shot by Eric Tangradi.
5:54 of 1st period - Goal by Eric Tangradi - Influenza : 0 - Mulligans : 1.
5:55 of 1st period - Jonathan Tremblay wins face-off versus Charlie Coyle in neutral zone.
6:14 of 1st period - Minor Penalty to Calvin de Haan for Cross-checking.
6:15 of 1st period - Charlie Coyle wins face-off versus Nick Bonino in Influenza zone.
6:42 of 1st period - Icing by Maxime Macenauer.
6:43 of 1st period - Maxime Macenauer wins face-off versus Charlie Coyle in Mulligans zone.
6:56 of 1st period - Wrist shot by Logan Shaw.
6:56 of 1st period - Shot Blocked by Nikita Zadorov.
6:58 of 1st period - Snap shot by Maxime Macenauer.
6:58 of 1st period - Stopped by Jeremy Duchesne without a rebound.
6:59 of 1st period - Beau Bennett wins face-off versus Nick Bonino in Influenza zone.
7:29 of 1st period - Charlie Coyle is hit by Logan Shaw and loses puck.
8:14 of 1st period - Penalty to Calvin de Haan is over, Calvin de Haan is back on ice.
8:20 of 1st period - Beau Bennett is hit by Matt Beleskey and loses puck.
10:46 of 1st period - Nick Bonino is hit by Mark Olver and loses puck.
11:28 of 1st period - Slapshot by Charlie Coyle.
11:28 of 1st period - Shot Misses the Net.
11:30 of 1st period - Snap shot by Dmitry Sinitsyn.
11:30 of 1st period - Shot Misses the Net.
11:32 of 1st period - Backhand shot by Jordan Schroeder.
11:32 of 1st period - Stopped by Calvin Pickard with a rebound.
11:34 of 1st period - Snap shot by Dmitry Sinitsyn.
11:34 of 1st period - Shot Misses the Net.
11:36 of 1st period - Wrist shot by Jordan Schroeder.
11:36 of 1st period - Stopped by Calvin Pickard without a rebound.
11:37 of 1st period - Nick Bonino wins face-off versus Mark Olver in Mulligans zone.
11:37 of 1st period - Nick Bonino is hit by Alex Killorn.
12:01 of 1st period - Michael Sdao is hit by Charlie Coyle and loses puck.
13:30 of 1st period - Jonathan Tremblay is hit by Jimmy Vesey and loses puck.
13:45 of 1st period - Maxime Macenauer is hit by Iiro Pakarinen and loses puck.
14:00 of 1st period - Cade Fairchild is hit by Johan Larsson and loses puck.
14:31 of 1st period - Eric Tangradi is hit by Jake Guentzel and loses puck.
14:46 of 1st period - Wrist shot by Jimmy Vesey.
14:46 of 1st period - Goal by Jimmy Vesey - Influenza : 1 - Mulligans : 1.
14:47 of 1st period - Jimmy Vesey wins face-off versus Nick Bonino in neutral zone.
14:57 of 1st period - Off-side.
14:58 of 1st period - Charlie Coyle wins face-off versus Nick Bonino in neutral zone.
15:14 of 1st period - Slapshot by Eric Tangradi.
15:14 of 1st period - Stopped by Jeremy Duchesne without a rebound.
15:15 of 1st period - Jake Guentzel wins face-off versus Maxime Macenauer in Influenza zone.
15:41 of 1st period - Nick Bonino is hit by Mathieu Carle and loses puck.
16:43 of 1st period - Nikita Zadorov is hit by Jonathan Tremblay and loses puck.
17:14 of 1st period - Snap shot by Beau Bennett.
17:14 of 1st period - Shot Misses the Net.
19:32 of 1st period - Dmitry Sinitsyn is hit by Sven Baertschi and loses puck.
Goals for this period are 1 for Influenza vs 1 for Mulligans.
Shots for this period are 5 for Influenza vs 10 for Mulligans.
2nd period
0:01 of 2nd period - Nick Bonino wins face-off versus Charlie Coyle in neutral zone.
0:04 of 2nd period - Slapshot by Matt Donovan.
0:04 of 2nd period - Shot Blocked by Jimmy Vesey.
0:08 of 2nd period - Slapshot by Nick Bonino.
0:08 of 2nd period - Shot Blocked by Calvin de Haan.
0:10 of 2nd period - Slapshot by Matt Donovan.
0:10 of 2nd period - Stopped by Jeremy Duchesne with a rebound.
0:36 of 2nd period - Slapshot by Calvin de Haan.
0:36 of 2nd period - Shot Blocked by Matt Donovan.
0:59 of 2nd period - Slapshot by Matt Beleskey.
0:59 of 2nd period - Stopped by Jeremy Duchesne with a rebound.
1:17 of 2nd period - Wrist shot by Maxime Macenauer.
1:17 of 2nd period - Shot Misses the Net.
1:53 of 2nd period - Wrist shot by Matt Beleskey.
1:53 of 2nd period - Shot Misses the Net.
1:55 of 2nd period - Snap shot by Christoph Bertschy.
1:55 of 2nd period - Stopped by Jeremy Duchesne with a rebound.
2:19 of 2nd period - Eric Tangradi is hit by Paul Ladue.
2:25 of 2nd period - Slapshot by Jordan Schroeder.
2:25 of 2nd period - Shot Misses the Net.
2:36 of 2nd period - Icing by Eric Tangradi.
2:37 of 2nd period - Charlie Coyle wins face-off versus Nick Bonino in Mulligans zone.
2:40 of 2nd period - Snap shot by Beau Bennett.
2:40 of 2nd period - Stopped by Calvin Pickard without a rebound.
2:41 of 2nd period - Charlie Coyle wins face-off versus Maxime Macenauer in Mulligans zone.
2:42 of 2nd period - Backhand shot by Jimmy Vesey.
2:42 of 2nd period - Goal by Jimmy Vesey - Influenza : 2 - Mulligans : 1.
2:43 of 2nd period - Charlie Coyle wins face-off versus Eric Tangradi in neutral zone.
2:56 of 2nd period - Snap shot by Nick Bonino.
2:56 of 2nd period - Shot Blocked by Calvin de Haan.
2:58 of 2nd period - Slapshot by Cody Goloubef.
2:58 of 2nd period - Stopped by Jeremy Duchesne with a rebound.
3:10 of 2nd period - Icing by Calvin de Haan.
3:11 of 2nd period - Maxime Macenauer wins face-off versus Charlie Coyle in Influenza zone.
3:45 of 2nd period - Slapshot by Joonas Donskoi.
3:45 of 2nd period - Stopped by Jeremy Duchesne with a rebound.
3:47 of 2nd period - Slapshot by Joonas Donskoi.
3:47 of 2nd period - Stopped by Jeremy Duchesne with a rebound.
3:53 of 2nd period - Snap shot by Maxime Macenauer.
3:53 of 2nd period - Shot Misses the Net.
3:55 of 2nd period - Wrist shot by Cade Fairchild.
3:55 of 2nd period - Stopped by Jeremy Duchesne without a rebound.
3:56 of 2nd period - Nick Bonino wins face-off versus Jake Guentzel in Influenza zone.
3:57 of 2nd period - Wrist shot by Eric Tangradi.
3:57 of 2nd period - Stopped by Jeremy Duchesne with a rebound.
5:02 of 2nd period - Slapshot by Jake Guentzel.
5:02 of 2nd period - Stopped by Calvin Pickard without a rebound.
5:03 of 2nd period - Nick Bonino wins face-off versus Jake Guentzel in Mulligans zone.
5:16 of 2nd period - Slapshot by Nick Bonino.
5:16 of 2nd period - Shot Misses the Net.
5:32 of 2nd period - Wrist shot by Mark Olver.
5:32 of 2nd period - Stopped by Calvin Pickard with a rebound.
5:34 of 2nd period - Wrist shot by Alex Killorn.
5:34 of 2nd period - Stopped by Calvin Pickard with a rebound.
5:36 of 2nd period - Wrist shot by Alex Killorn.
5:36 of 2nd period - Shot Misses the Net.
5:38 of 2nd period - Wrist shot by Mark Olver.
5:38 of 2nd period - Goal by Mark Olver - Influenza : 3 - Mulligans : 1.
5:39 of 2nd period - Maxime Macenauer wins face-off versus Jimmy Vesey in neutral zone.
5:42 of 2nd period - Slapshot by Matt Donovan.
5:42 of 2nd period - Deflect By Logan Shaw.
5:42 of 2nd period - Stopped by Jeremy Duchesne without a rebound.
5:43 of 2nd period - Maxime Macenauer wins face-off versus Charlie Coyle in Influenza zone.
6:28 of 2nd period - Wrist shot by Christoph Bertschy.
6:28 of 2nd period - Stopped by Jeremy Duchesne without a rebound.
6:29 of 2nd period - Christoph Bertschy wins face-off versus Mark Olver in Influenza zone.
6:34 of 2nd period - Slapshot by Matt Beleskey.
6:34 of 2nd period - Stopped by Jeremy Duchesne with a rebound.
6:42 of 2nd period - Matt Beleskey is hit by Mark Olver and loses puck.
6:55 of 2nd period - Beau Bennett is hit by Cade Fairchild and loses puck.
7:04 of 2nd period - Snap shot by Beau Bennett.
7:04 of 2nd period - Stopped by Calvin Pickard without a rebound.
7:05 of 2nd period - Jake Guentzel wins face-off versus Nick Bonino in Mulligans zone.
7:06 of 2nd period - Snap shot by Max Domi.
7:06 of 2nd period - Shot Blocked by Darren Dietz.
7:16 of 2nd period - Wrist shot by Iiro Pakarinen.
7:16 of 2nd period - Shot Misses the Net.
7:18 of 2nd period - Slapshot by Mathieu Carle.
7:18 of 2nd period - Shot Misses the Net.
7:26 of 2nd period - Minor Penalty to Nick Bonino for Holding.
7:27 of 2nd period - Eric Tangradi wins face-off versus Charlie Coyle in Mulligans zone.
7:38 of 2nd period - Slapshot by Calvin de Haan.
7:38 of 2nd period - Shot Blocked by Eric Tangradi.
7:40 of 2nd period - Slapshot by Calvin de Haan.
7:40 of 2nd period - Stopped by Calvin Pickard with a rebound.
7:42 of 2nd period - Snap shot by Beau Bennett.
7:42 of 2nd period - Stopped by Calvin Pickard with a rebound.
9:26 of 2nd period - Penalty to Nick Bonino is over, Nick Bonino is back on ice.
9:40 of 2nd period - Wrist shot by Drayson Bowman.
9:40 of 2nd period - Stopped by Jeremy Duchesne with a rebound.
10:05 of 2nd period - Off-side.
10:06 of 2nd period - Maxime Macenauer wins face-off versus Mark Olver in neutral zone.
10:53 of 2nd period - Slapshot by Matt Beleskey.
10:53 of 2nd period - Shot Misses the Net.
11:01 of 2nd period - Cody Goloubef is hit by Charlie Coyle and loses puck.
11:28 of 2nd period - Minor Penalty to Johan Larsson for Slashing.
11:29 of 2nd period - Charlie Coyle wins face-off versus Nick Bonino in Influenza zone.
11:42 of 2nd period - Wrist shot by Charlie Coyle.
11:42 of 2nd period - Shot Blocked by Cade Fairchild.
11:44 of 2nd period - Wrist shot by Charlie Coyle.
11:44 of 2nd period - Shot Misses the Net.
11:56 of 2nd period - Charlie Coyle is hit by Sven Baertschi.
13:28 of 2nd period - Penalty to Johan Larsson is over, Johan Larsson is back on ice.
13:47 of 2nd period - Wrist shot by Iiro Pakarinen.
13:47 of 2nd period - Stopped by Calvin Pickard without a rebound.
13:48 of 2nd period - Maxime Macenauer wins face-off versus Jake Guentzel in Mulligans zone.
14:15 of 2nd period - Charlie Coyle is hit by Cade Fairchild and loses puck.
14:32 of 2nd period - Wrist shot by Jordan Schroeder.
14:32 of 2nd period - Shot Misses the Net.
14:34 of 2nd period - Slapshot by Johan Larsson.
14:34 of 2nd period - Shot Misses the Net.
14:36 of 2nd period - Slapshot by Paul Ladue.
14:36 of 2nd period - Stopped by Calvin Pickard with a rebound.
14:38 of 2nd period - Wrist shot by Johan Larsson.
14:38 of 2nd period - Shot Misses the Net.
14:50 of 2nd period - Slapshot by Darren Dietz.
14:50 of 2nd period - Stopped by Jeremy Duchesne without a rebound.
14:51 of 2nd period - Sven Baertschi wins face-off versus Mark Olver in Influenza zone.
14:54 of 2nd period - Snap shot by Maxime Macenauer.
14:54 of 2nd period - Stopped by Jeremy Duchesne with a rebound.
14:56 of 2nd period - Wrist shot by Logan Shaw.
14:56 of 2nd period - Deflect By Maxime Macenauer.
14:56 of 2nd period - Shot Misses the Net.
14:56 of 2nd period - Puck is out of play.
14:57 of 2nd period - Charlie Coyle wins face-off versus Maxime Macenauer in Influenza zone.
15:07 of 2nd period - Snap shot by Beau Bennett.
15:07 of 2nd period - Stopped by Calvin Pickard without a rebound.
15:08 of 2nd period - Charlie Coyle wins face-off versus Nick Bonino in Mulligans zone.
15:19 of 2nd period - Wrist shot by Jimmy Vesey.
15:19 of 2nd period - Deflect By Charlie Coyle.
15:19 of 2nd period - Shot Misses the Net.
15:19 of 2nd period - Puck is out of play.
15:20 of 2nd period - Charlie Coyle wins face-off versus Maxime Macenauer in Mulligans zone.
15:27 of 2nd period - Snap shot by Beau Bennett.
15:27 of 2nd period - Shot Misses the Net.
15:33 of 2nd period - Wrist shot by Jimmy Vesey.
15:33 of 2nd period - Shot Misses the Net.
15:35 of 2nd period - Wrist shot by Charlie Coyle.
15:35 of 2nd period - Deflect By Matt Donovan.
15:35 of 2nd period - Shot Blocked by Cody Goloubef.
15:35 of 2nd period - Puck is out of play.
15:36 of 2nd period - Jake Guentzel wins face-off versus Nick Bonino in Mulligans zone.
15:49 of 2nd period - Backhand shot by Nick Bonino.
15:49 of 2nd period - Shot Misses the Net.
15:51 of 2nd period - Slapshot by Cade Fairchild.
15:51 of 2nd period - Deflect By Eric Tangradi.
15:51 of 2nd period - Stopped by Jeremy Duchesne with a rebound.
16:27 of 2nd period - Snap shot by Matt Beleskey.
16:27 of 2nd period - Goal by Matt Beleskey - Influenza : 3 - Mulligans : 2.
16:28 of 2nd period - Jonathan Tremblay wins face-off versus Charlie Coyle in neutral zone.
16:44 of 2nd period - Snap shot by Charlie Coyle.
16:44 of 2nd period - Stopped by Calvin Pickard with a rebound.
17:12 of 2nd period - Michael Sdao is hit by Max Domi and loses puck.
17:20 of 2nd period - Minor Penalty to Calvin de Haan for Hooking.
17:21 of 2nd period - Nick Bonino wins face-off versus Charlie Coyle in Influenza zone.
18:46 of 2nd period - Sven Baertschi is hit by Mathieu Carle and loses puck.
19:17 of 2nd period - Mark Olver is hit by Logan Shaw and loses puck.
19:20 of 2nd period - Penalty to Calvin de Haan is over, Calvin de Haan is back on ice.
Goals for this period are 2 for Influenza vs 1 for Mulligans.
Shots for this period are 13 for Influenza vs 16 for Mulligans.
3rd period
0:01 of 3rd period - Charlie Coyle wins face-off versus Nick Bonino in neutral zone.
0:06 of 3rd period - Cody Goloubef is hit by Jimmy Vesey and loses puck.
0:34 of 3rd period - Joe Morrow is hit by Sven Baertschi and loses puck.
0:45 of 3rd period - Slapshot by Joe Morrow.
0:45 of 3rd period - Stopped by Calvin Pickard without a rebound.
0:46 of 3rd period - Jake Guentzel wins face-off versus Valeri Nichushkin in Mulligans zone.
1:02 of 3rd period - Icing by Mathieu Carle.
1:03 of 3rd period - Nick Bonino wins face-off versus Jake Guentzel in Influenza zone.
1:28 of 3rd period - Calvin de Haan is hit by Maxime Macenauer and loses puck.
2:04 of 3rd period - Slapshot by Matt Beleskey.
2:04 of 3rd period - Shot Misses the Net.
2:16 of 3rd period - Jonathan Tremblay is hit by Jordan Schroeder and loses puck.
2:42 of 3rd period - Jonathan Tremblay is hit by Charlie Coyle and loses puck.
2:57 of 3rd period - Snap shot by Maxime Macenauer.
2:57 of 3rd period - Shot Blocked by Jake Guentzel.
3:43 of 3rd period - Slapshot by Matt Beleskey.
3:43 of 3rd period - Shot Misses the Net.
4:37 of 3rd period - Snap shot by Alex Killorn.
4:37 of 3rd period - Shot Misses the Net.
4:49 of 3rd period - Maxime Macenauer is hit by Jake Guentzel.
5:24 of 3rd period - Nick Bonino is hit by Joe Morrow.
5:41 of 3rd period - Snap shot by Jordan Schroeder.
5:41 of 3rd period - Shot Misses the Net.
6:05 of 3rd period - Minor Penalty to Beau Bennett for Hooking.
6:06 of 3rd period - Charlie Coyle wins face-off versus Nick Bonino in Influenza zone.
6:37 of 3rd period - Maxime Macenauer is hit by Mark Olver and loses puck.
7:10 of 3rd period - Johan Larsson is hit by Maxime Macenauer and loses puck.
8:05 of 3rd period - Penalty to Beau Bennett is over, Beau Bennett is back on ice.
8:16 of 3rd period - Jordan Schroeder is hit by Cade Fairchild and loses puck.
8:27 of 3rd period - Wrist shot by Beau Bennett.
8:27 of 3rd period - Deflect By Jordan Schroeder.
8:27 of 3rd period - Stopped by Calvin Pickard with a rebound.
8:33 of 3rd period - Valeri Nichushkin is hit by Johan Larsson.
8:49 of 3rd period - Joe Morrow is hit by Jonathan Tremblay and loses puck.
8:59 of 3rd period - Off-side.
9:00 of 3rd period - Mark Olver wins face-off versus Christoph Bertschy in neutral zone.
9:52 of 3rd period - Darren Dietz is hit by Alex Killorn and loses puck.
9:59 of 3rd period - Snap shot by Mark Olver.
9:59 of 3rd period - Shot Blocked by Ben Hutton.
10:01 of 3rd period - Snap shot by Nikita Zadorov.
10:01 of 3rd period - Stopped by Calvin Pickard without a rebound.
10:02 of 3rd period - Valeri Nichushkin wins face-off versus Charlie Coyle in Mulligans zone.
10:17 of 3rd period - Snap shot by Charlie Coyle.
10:17 of 3rd period - Shot Misses the Net.
10:34 of 3rd period - Slapshot by Calvin de Haan.
10:34 of 3rd period - Stopped by Calvin Pickard with a rebound.
10:36 of 3rd period - Wrist shot by Max Domi.
10:36 of 3rd period - Shot Misses the Net.
10:48 of 3rd period - Wrist shot by Maxime Macenauer.
10:48 of 3rd period - Shot Blocked by Mark Olver.
11:22 of 3rd period - Snap shot by Calvin de Haan.
11:22 of 3rd period - Deflect By Matt Donovan.
11:22 of 3rd period - Stopped by Calvin Pickard with a rebound.
11:24 of 3rd period - Backhand shot by Mathieu Carle.
11:24 of 3rd period - Shot Blocked by Matt Donovan.
11:26 of 3rd period - Snap shot by Justin Bailey.
11:26 of 3rd period - Shot Blocked by Eric Tangradi.
11:30 of 3rd period - Snap shot by Calvin de Haan.
11:30 of 3rd period - Stopped by Calvin Pickard without a rebound.
11:31 of 3rd period - Charlie Coyle wins face-off versus Christoph Bertschy in Mulligans zone.
11:41 of 3rd period - Christoph Bertschy is hit by Jimmy Vesey and loses puck.
11:56 of 3rd period - Jake Guentzel is hit by Ben Hutton and loses puck.
12:01 of 3rd period - Snap shot by Nick Bonino.
12:01 of 3rd period - Shot Misses the Net.
12:39 of 3rd period - Slapshot by Mark Olver.
12:39 of 3rd period - Goal by Mark Olver - Influenza : 4 - Mulligans : 2.
12:40 of 3rd period - Nick Bonino wins face-off versus Charlie Coyle in neutral zone.
12:42 of 3rd period - Off-side.
12:43 of 3rd period - Nick Bonino wins face-off versus Charlie Coyle in neutral zone.
12:52 of 3rd period - Calvin de Haan is hit by Nick Bonino and loses puck.
13:09 of 3rd period - Slapshot by Calvin de Haan.
13:09 of 3rd period - Stopped by Calvin Pickard with a rebound.
14:05 of 3rd period - Ben Hutton is hit by Joe Morrow and loses puck.
14:18 of 3rd period - Ben Hutton is hit by Beau Bennett.
14:22 of 3rd period - Snap shot by Jimmy Vesey.
14:22 of 3rd period - Shot Misses the Net.
14:27 of 3rd period - Off-side.
14:28 of 3rd period - Christoph Bertschy wins face-off versus Jake Guentzel in neutral zone.
14:53 of 3rd period - Michael Sdao is hit by Jimmy Vesey and loses puck.
15:00 of 3rd period - Slapshot by Jimmy Vesey.
15:00 of 3rd period - Shot Misses the Net.
15:06 of 3rd period - Beau Bennett is hit by Jonathan Tremblay and loses puck.
15:19 of 3rd period - Cody Goloubef is hit by Alex Killorn and loses puck.
15:46 of 3rd period - Snap shot by Jordan Schroeder.
15:46 of 3rd period - Shot Misses the Net.
15:48 of 3rd period - Snap shot by Jordan Schroeder.
15:48 of 3rd period - Deflect By Justin Bailey.
15:48 of 3rd period - Shot Misses the Net.
15:48 of 3rd period - Puck is out of play.
15:49 of 3rd period - Beau Bennett wins face-off versus Nick Bonino in Mulligans zone.
16:05 of 3rd period - Icing by Darren Dietz.
16:06 of 3rd period - Nick Bonino wins face-off versus Mark Olver in Mulligans zone.
16:20 of 3rd period - Off-side.
16:21 of 3rd period - Maxime Macenauer wins face-off versus Jimmy Vesey in neutral zone.
16:32 of 3rd period - Slapshot by Matt Donovan.
16:32 of 3rd period - Stopped by Jeremy Duchesne with a rebound.
16:34 of 3rd period - Slapshot by Joonas Donskoi.
16:34 of 3rd period - Stopped by Jeremy Duchesne with a rebound.
16:36 of 3rd period - Slapshot by Matt Donovan.
16:36 of 3rd period - Deflect By Maxime Macenauer.
16:36 of 3rd period - Shot Misses the Net.
16:36 of 3rd period - Puck is out of play.
16:37 of 3rd period - Nick Bonino wins face-off versus Mark Olver in Influenza zone.
16:38 of 3rd period - Snap shot by Eric Tangradi.
16:38 of 3rd period - Shot Misses the Net.
16:40 of 3rd period - Slapshot by Cody Goloubef.
16:40 of 3rd period - Shot Blocked by Anthony Mantha.
16:42 of 3rd period - Backhand shot by Matt Donovan.
16:42 of 3rd period - Shot Blocked by Mark Olver.
16:44 of 3rd period - Slapshot by Matt Donovan.
16:44 of 3rd period - Deflect By Eric Tangradi.
16:44 of 3rd period - Shot Misses the Net.
16:44 of 3rd period - Puck is out of play.
16:45 of 3rd period - Mark Olver wins face-off versus Nick Bonino in Influenza zone.
16:45 of 3rd period - Mark Olver is hit by Cody Goloubef.
16:53 of 3rd period - Nick Bonino is hit by Anthony Mantha and loses puck.
17:08 of 3rd period - Slapshot by Cody Goloubef.
17:08 of 3rd period - Deflect By Eric Tangradi.
17:08 of 3rd period - Stopped by Jeremy Duchesne with a rebound.
17:10 of 3rd period - Snap shot by Eric Tangradi.
17:10 of 3rd period - Shot Misses the Net.
17:12 of 3rd period - Snap shot by Eric Tangradi.
17:12 of 3rd period - Stopped by Jeremy Duchesne without a rebound.
17:13 of 3rd period - Maxime Macenauer wins face-off versus Charlie Coyle in Influenza zone.
17:49 of 3rd period - Wrist shot by Iiro Pakarinen.
17:49 of 3rd period - Stopped by Calvin Pickard without a rebound.
17:50 of 3rd period - Nick Bonino wins face-off versus Mark Olver in Mulligans zone.
Goals for this period are 1 for Influenza vs 0 for Mulligans.
Shots for this period are 9 for Influenza vs 4 for Mulligans.
Back to the Top